 Dungeon Crawl Stone Soup version 0.24.1 (webtiles) character file.

Game seed: 599674866632659448, levelgen mode: deterministic

46 funkygono the Skirmisher (level 3, -1/29 HPs)
             Began as a Demonspawn Abyssal Knight on Mar 22, 2020.
             Was a Believer of Lugonu.
             Slain by an orc
             ... wielding a +0 flail of holy wrath
              (5 damage)
             ... on level 2 of the Dungeon.
             The game lasted 00:05:41 (1842 turns).

funkygono the Skirmisher (DsAK)                     Turns: 1842, Time: 00:05:41

Health: -1/29      AC:  4    Str: 12    XL:     3   Next: 44%
Magic:  0/14       EV: 11    Int: 14    God:    Lugonu [**....]
Gold:   148        SH:  0    Dex: 12    Spells: 2/2 levels left

rFire    . . .     SeeInvis .   p - staff of poison
rCold    . . .     Gourm    .   (no shield)
rNeg     . . .     Faith    .   b - +0 leather armour
rPois    +         Spirit   +   u - +0 helmet
rElec    .         Reflect  .   (no cloak)
rCorr    .         Harm     .   (no gloves)
MR       .....                  (no boots)
Stlth    +.........             (no amulet)
HPRegen  0.09/turn              t - ring of wizardry
MPRegen  0.14/turn              r - ring of magical power

@: lightly drained
A: claws 1, magic shield
a: Depart the Abyss, Bend Space, Renounce Religion


You were on level 2 of the Dungeon.
You worshipped Lugonu.
Lugonu was pleased with you.
You were very hungry.

You visited 1 branch of the dungeon, and saw 3 of its levels.
You visited the Abyss 1 time.

You collected 148 gold pieces.

Inventory:

Hand Weapons
 a - a +1 mace
Missiles
 e - 27 arrows
 i - 55 stones (quivered)
 k - 8 sling bullets
Armour
 b - a +0 leather armour (worn)
 f - a +0 shield
 u - a +0 helmet (worn)
Magical Staves
 p - an uncursed staff of poison (weapon)
Jewellery
 m - an uncursed ring of flight
 r - a ring of magical power (right claw)
 t - a ring of wizardry (left claw)
Scrolls
 h - 3 scrolls of amnesia
 q - a scroll of remove curse
Potions
 l - 3 potions of flight
Comestibles
 c - 4 rations


   Skills:
 + Level 3.5(3.3) Fighting
 + Level 2.3(2.2) Maces & Flails
 + Level 1.0(1.5) Staves
 + Level 2.1(1.9) Armour
 + Level 0.9(0.7) Dodging
 + Level 2.6(2.4) Invocations


You had 2 spell levels left.
You didn't know any spells.
Your spell library was empty.

Dungeon Overview and Level Annotations

Branches:
Dungeon (3/15)

Altars:
Ashenzari
Fedhas
Gozag
Hepliaklqana
Trog
Uskayaw
Wu Jian
The Shining One


Innate Abilities, Weirdness & Mutations

You have sharp fingernails.
When hurt, damage is shared between your health and your magic reserves.


Message History

The orc completely misses you.
The orc priest invokes the aid of Beogh against you.
Beogh smites you!
You climb upwards.
There is a stone staircase leading down here.
Unknown command.
You can't go up here!
You hit the orc.
The orc is heavily wounded.
The orc hits you with a +0 flail of holy wrath.
You convulse.
* * * LOW HITPOINT WARNING * * *
The orc hits you.
The orc priest looks braver for a moment.
You hit the orc.
The orc is heavily wounded.
The orc hits you with a +0 flail of holy wrath.
* * * LOW HITPOINT WARNING * * *
You convulse.
You die...

##..###...##
#####.#.## ....#
#####
#########...<.....
....#
#.........#######.
.#.## #.#######.#
#. ...### #.# #.#
#. .....# #.# #.#
#. .###.# #.# #.#
#. .# #.# #o# #.#
#. .###.## #@#
#.#######.
^##...##########o#
#.........
...........[....o#
#########.
###...############
##. # ##.########
##.# ####........#
############.##
.....######.#
##...........##
####.# #.#
#....########.## #
#.# #.# #....#
##.#


You could see an orc priest and 2 orcs.

Vanquished Creatures
  An adder (D:2)
  An ooze (D:2)
  2 dart slugs
  An orc (D:3)
  A giant cockroach (D:2)
  2 goblins
  A hobgoblin (D:2)
  2 jackals (D:1)
  2 ball pythons
  6 bats
  4 frilled lizards
  A kobold (D:2)
  8 rats
32 creatures vanquished.

Notes
Turn   | Place    | Note
-------+----------+-------------------------------------------
     0 | Abyss:1  | funkygono the Demonspawn Abyssal Knight began the quest for
                  | the Orb.
     0 | Abyss:1  | Reached XP level 1. HP: 18/18 MP: 2/2
     9 | D:1      | Escaped the Abyss
   245 | D:1      | Gained mutation: You have sharp fingernails. [demonic
                  | ancestry]
   245 | D:1      | Reached XP level 2. HP: 22/24 MP: 3/3
   927 | D:2      | Found a glowing golden altar of the Shining One.
   928 | D:2      | Found a blossoming altar of Fedhas.
   933 | D:2      | Found a hazy altar of Hepliaklqana.
   934 | D:2      | Found a shattered altar of Ashenzari.
   935 | D:2      | Found an ornate altar of the Wu Jian Council.
   936 | D:2      | Found an opulent altar of Gozag.
  1057 | D:2      | Gained mutation: When hurt, damage is shared between your
                  | health and your magic reserves. [demonic ancestry]
  1057 | D:2      | Reached XP level 3. HP: 17/29 MP: 5/5
  1200 | D:2      | Noticed a +0 dagger
  1200 | D:2      | Noticed a +0 dagger
  1201 | D:2      | Found a hide-covered altar of Uskayaw.
  1400 | D:2      | Reached ** piety under Lugonu
  1451 | D:2      | Found a bloodstained altar of Trog.
  1508 | D:2      | Reached skill level 1 in Staves
  1509 | D:2      | HP: 1/29 [orc/+0 flail (7)]
  1842 | D:2      | Slain by an orc

Levels and vault maps discovered:
D:1:      dpeg_arrival_tiny_a, layout_basic
D:2:      layout_loops_ring, lightli_temple_of_fire, minitemple,
          dancing_weapons_uskayaw
D:3:      layout_loops_cross, uniq_natasha

Skill      XL: |  1  2  3 |
---------------+----------+-----
Maces & Flails | 2 |  2.3
Armour         | 2 |  2.1
Staves         | 1 |  1.0
Fighting       | |  3.5
Dodging        | |  0.9
Invocations    | |  2.6

Action                   || total
-------------------------++-------
Melee: Mace              ||    43
       Staff             ||    93
  Use: Potion            ||     6
       Scroll            ||     6
  Eat: Chunk             ||     2
Armor: Leather armour    ||    72
Dodge: Dodged            ||   131
